 Dungeon Crawl Stone Soup version 0.31-a0-1009-g454b1f1e0a (webtiles) character file.

Game seed: 11355315116073352621

1934 Queen the Thaumaturge (level 8, -8/52 (61) HPs)
             Began as a Deep Elf Conjurer on Nov 16, 2023.
             Was a Follower of Sif Muna.
             Mangled by a wight
             ... wielding a +1 battleaxe of venom
              (15 damage)
             ... on level 6 of the Dungeon.
             The game lasted 00:20:40 (6485 turns).

Queen the Thaumaturge (Deep Elf Conjurer)           Turns: 6485, Time: 00:20:41

HP:   -8/52 (61)    AC: 24    Str:  4    XL:     8   Next: 97%
MP:   12/22         EV:  2    Int: 26    God:    Sif Muna [*.....]
Gold: 305           SH:  0    Dex: 13    Spells: 11/24 levels left

rFire   . . .        m - +0 dagger (venom)
rCold   + . .        (no shield)
rNeg    . . .        a - melded +0 robe
rPois   +            d - melded +1 helmet
rElec   .            (cloak currently unavailable)
rCorr   .            r - melded +0 pair of gloves
SInv    +            (boots currently unavailable)
Will    .....        (no amulet)
Stlth   ++           t - ring of see invisible
HPRegen 0.28/turn    u - ring of protection from cold
MPRegen 0.18/turn

%: no passive effects
@: tree-form, silenced, marked, heavily drained
A: stationary, stasis, torment immunity, boosted hp
a: Renounce Religion


You were on level 6 of the Dungeon.
You worshipped Sif Muna.
Sif Muna was aware of your devotion.
You were a tree.
You visited 2 branches of the dungeon, and saw 7 of its levels.
You also visited: Ossuary.

You collected 305 gold pieces.

Inventory:

Hand Weapons
 m - a +0 dagger of venom (weapon)
Missiles
 k - a throwing net
Armour
 a - a +0 robe (melded)
 d - a +1 helmet (melded)
 r - a +0 pair of gloves (melded)
Magical Staves
 j - a staff of poison
Jewellery
 t - a ring of see invisible (left branch)
 u - a ring of protection from cold (right branch)
Scrolls
 b - a scroll of silence
 c - a scroll of noise
 h - a scroll of enchant armour
 n - a scroll of amnesia {unknown}
 o - a scroll of teleportation {unknown}
 s - a scroll of immolation {unknown}
 v - 2 scrolls of vulnerability {unknown}
 x - a scroll of blinking {unknown}
 y - a scroll of fog {unknown}
 A - 2 scrolls of poison {unknown}
 B - 3 scrolls of identify {@r1}
Potions
 e - a potion of degeneration
 f - 7 potions of curing
 g - a potion of might {unknown}
 i - 4 potions of brilliance {unknown}
 l - a potion of mutation
 p - a potion of lignification
 q - 2 potions of heal wounds
 w - a potion of cancellation {unknown}
 z - a potion of haste {unknown}
 C - a potion of attraction {unknown}


   Skills:
 + Level 5.7 Dodging
 + Level 5.9 Stealth
 * Level 8.5 Spellcasting
 * Level 8.0 Conjurations
 * Level 5.3 Earth Magic


You had 11 spell levels left.
You knew the following spells:

 Your Spells              Type           Power      Damage    Failure   Level
a - Magic Dart            Conj           100%       1d8       1%          1
b - Searing Ray           Conj           100%       2d8       1%          2
c - Dazzling Flash        Conj/Hex       62%        N/A       3%          3
d - Fulminant Prism       Conj/Hex       15%        3d10      11%         4
e - Stone Arrow           Conj/Erth      90%        3d12      1%          3

Your spell library contained the following spells:

 Spells                   Type           Power      Damage    Failure   Level
 Slow                     Hex            44%        N/A       5%          1
 Flame Wave               Conj/Fire      31%        2d9       11%         4
 Iskenderun's Mystic Bla  Conj/Tloc      31%        2d8       11%         4
 Sticky Flame             Conj/Fire      31%        2d5       11%         4
 Inner Flame              Hex/Fire       11%        N/A       16%         3
 Sigil of Binding         Hex            11%        N/A       16%         3
 Summon Guardian Golem    Hex/Summ       11%        N/A       16%         3
 Animate Armour           Summ/Erth      50%        N/A       19%         4
 Summon Cactus Giant      Summ           5%         N/A       100%        6
 Lehudib's Crystal Spear  Conj/Erth      22%        10d6      100%        8


Dungeon Overview and Level Annotations

Branches:
Dungeon (6/15)             Temple (1/1) D:4         Ossuary (visited)

Altars:
Ashenzari
Cheibriados
Dithmenos
Elyvilon
Fedhas
Hepliaklqana
Kikubaaqudgha
Makhleb
Nemelex Xobeh
Okawaru
Qazlal
Ru
Sif Muna
Uskayaw
Vehumet
Wu Jian
Xom
Yredelemnul
Zin
The Shining One

Annotations:
D:5 exclusion: downstairs


Message History

The centaur kicks you but does no damage.
The wight hits you with a +0 dagger.
You feel drained. The wight barely misses you.
An orc comes into view. It is wielding a +0 whip.
The wight hits you but does no damage.
The wight hits you with a +0 great sword!
You feel drained.
The centaur hits you but does no damage.
The centaur kicks you but does no damage.
You take 11 damage, and have 26/57 hp.
You hit the wight but do no damage.
The wight is almost destroyed.
The centaur hits you but does no damage.
The centaur kicks you but does no damage.
The wight hits you but does no damage. x2
The wight hits you with a +2 short sword of freezing.
You feel drained.
The wight hits you with a +1 battleaxe of venom!
* * * LOW HITPOINT WARNING * * *
An orc priest comes into view. It is wielding a +0 short sword.
The wight hits you but does no damage.
You take 10 damage, and have 16/55 hp.
You barely miss the wight.
The centaur hits you but does no damage.
The centaur kicks you but does no damage.
The wight hits you but does no damage. The wight barely misses you.
The wight hits you but does no damage. x3
The centaur hits you but does no damage.
The centaur barely misses you.
You closely miss the wight.
The centaur hits you but does no damage.
The centaur kicks you but does no damage.
The wight hits you but does no damage.
The wight hits you with a +2 great sword!
* * * LOW HITPOINT WARNING * * *
You feel drained.
* * * LOW HITPOINT WARNING * * *
The wight barely misses you.
The wight hits you with a +1 battleaxe of venom!
You die...

##### #### ###...# ##..#
#.....## #...#
##zz.>.#####...##
#.♣z....##......#
#...oczz##...###....##
#......oJ#............# .
...##..o.............## .
#.....o...#zz.#.#.####
.##.# #......##.†######
....###o......#.z.###.#####
...........).......#.##..##
#..........)...........##


You could see a centaur, a jelly, 5 wights, an orc priest, an orc wizard
(invisible) and 3 orcs.

Vanquished Creatures
  Pikel (D:5)
  2 water moccasins
  An ice beast (D:6)
  2 phantoms
  A lemure (D:5)
  2 scorpions
  3 water moccasin zombies (Ossuary)
  2 howler monkeys
  3 hounds
  2 jellies (D:6)
  2 orc priests
  Jessica (D:2)
  3 iguanas
  A sleepcap (D:6)
  2 orc wizards
  3 mummies
  4 gnolls (D:4)
  5 adders
  2 ufetubi (D:6)
  7 adder zombies (Ossuary)
  2 worms (D:2)
  4 dart slugs
  12 orcs
  7 ball pythons
  4 endoplasms
  2 giant cockroaches (D:1)
  A gnoll zombie (Ossuary)
  7 goblins
  5 hobgoblins
  3 jackals (D:2)
  5 quokkas
  2 bats
  A frilled lizard (D:2)
  A goblin zombie (D:4)
  5 hobgoblin zombies
  9 kobolds
  7 kobold zombies (Ossuary)
  6 orc zombies (Ossuary)
  7 rats
139 creatures vanquished.

Vanquished Creatures (others)
  8 fulminant prisms
8 creatures vanquished.

Grand Total: 147 creatures vanquished

Notes
Turn   | Place    | Note
-------+----------+-------------------------------------------
     0 | D:1      | Queen the Deep Elf Conjurer began the quest for the Orb.
     0 | D:1      | Reached XP level 1. HP: 10/10 MP: 6/6
   347 | D:1      | Reached XP level 2. HP: 15/15 MP: 5/8
   350 | D:1      | Learned a level 2 spell: Searing Ray
  1134 | D:2      | Reached XP level 3. HP: 19/19 MP: 5/10
  1164 | D:2      | Learned a level 3 spell: Dazzling Flash
  1460 | D:2      | Reached skill level 5 in Conjurations
  1626 | D:2      | Reached XP level 4. HP: 24/24 MP: 10/12
  1631 | D:2      | Learned a level 4 spell: Fulminant Prism
  1802 | D:2      | Noticed Jessica
  1803 | D:2      | Killed Jessica
  1990 | D:3      | Identified the of Osampy
  2130 | D:3      | Reached XP level 5. HP: 28/28 MP: 7/14
  2727 | D:4      | Found a sand-covered staircase.
  2740 | D:4      | Reached skill level 5 in Spellcasting
  2742 | Ossuary  | Entered an ossuary
  3051 | Ossuary  | Reached XP level 6. HP: 24/32 MP: 6/16
  3173 | Ossuary  | Reached skill level 1 in Earth Magic
  3654 | D:4      | Found a staircase to the Ecumenical Temple.
  3795 | Temple   | Entered the Ecumenical Temple
  3801 | Temple   | Became a worshipper of Sif Muna the Loreminder
  4007 | D:4      | Reached XP level 7. HP: 36/36 MP: 8/18
  4530 | D:4      | Learned a level 3 spell: Stone Arrow
  4642 | D:5      | Entered Level 5 of the Dungeon
  4912 | D:5      | Reached * piety under Sif Muna
  5127 | D:5      | Reached skill level 5 in Stealth
  5127 | D:5      | Reached XP level 8. HP: 41/41 MP: 11/20
  5439 | D:5      | Noticed Pikel
  5445 | D:5      | Killed Pikel
  5446 | D:5      | Reached skill level 5 in Dodging
  5920 | D:5      | Found a broken altar of Ashenzari.
  6003 | D:6      | Reached skill level 5 in Earth Magic
  6481 | D:6      | Identified the +0 robe of Asceticism {rPois rCorr Str+2}
  6485 | D:6      | Mangled by a wight

Illustrated notes

Levels and vault maps discovered:
D:1:      dpeg_arrival_round_c, layout_basic, kennysheep_crisscross
D:2:      layout_basic, hangedman_abyss_or_decor_stabs, st_stairs_13,
          serial_bayou_lagoon_b, uniq_jessica
D:3:      layout_loops_cross
D:4:      layout_loops_cross, minmay_temple_entry_trees,
          nicolae_ossuary_entry_giza, kennysheep_generic_room_9
D:5:      layout_loops_corners, mainiacjoe_overflow_six_doors_small, uniq_pikel
D:6:      layout_cave_pools, serial_shops, nicolae_shop_hallway_plus
Temple:   nicolae_temple_bog_church

Skill      XL: |  1  2  3  4  5  6  7  8 |
---------------+-------------------------+-----
Stealth        | 3 4 5 |  5.9
Spellcasting   | 4 5 6 7 8 |  8.5
Dodging        | 3 4 5 |  5.7
Conjurations   | 5 6 8 |  8.0
Earth Magic    | 2 3 5 |  5.3

Action                     |  1- 3 |  4- 6 |  7- 9 || total
---------------------------+-------+-------+-------++-------
  Melee: Unarmed           |     3 |       |       ||     3
         Dagger            |     6 |     4 |    13 ||    23
         Punch             |     1 |       |       ||     1
   Cast: Magic Dart        |    61 |    38 |    76 ||   175
         Searing Ray       |     3 |    19 |    27 ||    49
         Fulminant Prism   |       |     7 |     1 ||     8
         Dazzling Flash    |       |       |     1 ||     1
    Use: Scroll            |     1 |     8 |     1 ||    10
         Potion            |       |     1 |     1 ||     2
   Stab: Sleeping          |       |     1 |     2 ||     3
 Armour: Robe              |     5 |    17 |    34 ||    56
         Skin              |       |       |    40 ||    40
  Dodge: Dodged            |     6 |    16 |    53 ||    75

Table legend: (Time is in decaauts)
 A = Elapsed time spent in this place.
 B = Non-inter-level travel time spent in this place.
 C = Inter-level travel time spent in this place.
 D = Time resting spent in this place.
 E = Time spent auto-exploring this place.
 F = Levels seen in this place.
 G = Mean time per level.
                   A        B        C        D        E       F      G
               +--------+--------+--------+--------+--------+-----+--------+
         Total |   6518 |   6225 |    293 |   1808 |   3472 |   8 |  814.8 |
       Dungeon |   5809 |   5521 |    288 |   1331 |   3445 |   6 |  968.2 |
        Temple |     12 |      7 |      5 |      0 |      0 |   1 |   12.0 |
       Ossuary |    696 |    696 |      0 |    477 |     27 |   1 |  696.0 |
               +--------+--------+--------+--------+--------+-----+--------+

Top non-repeatable levels by time:
     D:5: 1529 daAuts
     D:4: 1195 daAuts
     D:1: 1033 daAuts
     D:2: 987 daAuts
     D:3: 894 daAuts
 Ossuary: 696 daAuts
     D:6: 169 daAuts
  Temple: 12 daAuts
